ORI
UNIVERSITY OF MIAMI HURRICANES @ CALIFORNIA STATE UNIVERSITY AT FULLERTON TITANS
11/20/2047
 
TOP OF THE 1ST
Oregon State University Beavers batting - Pitching for University of Georgia Bulldogs : LHP Aloiki Orana
Pitching: LHP Aloiki Orana
Batting: SHB Eric Robertson 0-0: Ball
1-0: Called Strike
1-1: Swinging Strike
1-2: Ground out 4-3 (Groundball, 4, EV 84.4 MPH)
Batting: LHB Pablo Fraga 0-0: Foul Ball, location: 2F
0-1: Foul Ball, location: 2F
0-2: Ball
1-2: Ball
2-2: Ball
3-2: Ground out 5-3 (Groundball, 15, EV 79.4 MPH)
Batting: RHB Steve Webb 0-0: Ball
1-0: Swinging Strike
1-1: Ball
2-1: Foul Ball, location: 2F
2-2: Strikes out swinging
Top of the 1st over - 0 runs, 0 hits, 0 errors, 0 left on base; Oregon State University 0 - University of Georgia 0
BOTTOM OF THE 1ST
University of Georgia Bulldogs batting - Pitching for Oregon State University Beavers : RHP Peka Nara
Pitching: RHP Peka Nara
Batting: RHB Justin Szymczyk 0-0: Ball
1-0: Fly out, F4 (Line Drive, 4, EV 61.9 MPH)
Batting: RHB Pat Svenson 0-0: Called Strike
0-1: Ball
1-1: TRIPLE (Line Drive, 78XD, EV 112.5 MPH)
Batting: RHB Murilo Cunha 0-0: Ball
1-0: Called Strike
1-1: Fly out, F9 (Flyball, 9, EV 97.5 MPH)
Runner from 3rd tags up, SCORES, throw by RF
Batting: RHB Rodolfo Solis 0-0: Called Strike
0-1: Ground out 6-3 (Groundball, 56, EV 100.6 MPH)
Bottom of the 1st over - 1 run, 1 hit, 0 errors, 0 left on base; Oregon State University 0 - University of Georgia 1
TOP OF THE 2ND
Oregon State University Beavers batting - Pitching for University of Georgia Bulldogs : LHP Aloiki Orana
Batting: RHB Martin Darrington 0-0: Ball
1-0: Foul Ball, location: 2F
1-1: Ball
2-1: Ball
3-1: Fly out, F8 (Line Drive, 8LS, EV 90.6 MPH)
Batting: LHB Jon Hamilton 0-0: Ball
1-0: Foul Ball, location: 2F
1-1: Foul Ball, location: 2F
1-2: Fly out, F8 (Flyball, 8LXD, EV 90.6 MPH)
Batting: LHB Brock Darby 0-0: Ball
1-0: Swinging Strike
1-1: Swinging Strike
1-2: Ball
2-2: Foul Ball, location: 2F
2-2: Ball
3-2: Ground out 5-3 (Groundball, 5, EV 82.5 MPH)
Top of the 2nd over - 0 runs, 0 hits, 0 errors, 0 left on base; Oregon State University 0 - University of Georgia 1
BOTTOM OF THE 2ND
University of Georgia Bulldogs batting - Pitching for Oregon State University Beavers : RHP Peka Nara
Batting: LHB Andy Dyer 0-0: Ball
1-0: Ball
2-0: Called Strike
2-1: Ball
3-1: Foul Ball, location: 2F
3-2: Base on Balls
Batting: LHB Bryan Ross 0-0: Ball
Wild Pitch!
Andy Dyer to second
1-0: Called Strike
1-1: Ball
2-1: Ground out 6-3 (Groundball, 6MS, EV 88.1 MPH)
Andy Dyer to third
Batting: LHB Luis Mejia 0-0: Called Strike
0-1: Ball
1-1: Ball
2-1: Swinging Strike
2-2: Strikes out swinging
Batting: RHB Javier Alcorta 0-0: Called Strike
0-1: Called Strike
0-2: Foul Ball, location: 2F
0-2: Foul Ball, location: 2F
0-2: Strikes out swinging
Bottom of the 2nd over - 0 runs, 0 hits, 0 errors, 1 left on base; Oregon State University 0 - University of Georgia 1
TOP OF THE 3RD
Oregon State University Beavers batting - Pitching for University of Georgia Bulldogs : LHP Aloiki Orana
Batting: SHB Sosaia Apelahama 0-0: Ball
1-0: Ball
2-0: Ball
3-0: Base on Balls
Batting: SHB Chris Gartner 0-0: Called Strike
Sosaia Apelahama steals 2nd base
0-1: Called Strike
0-2: Strikes out swinging
Batting: RHB Oscar Munoz 0-0: Called Strike
0-1: Swinging Strike
0-2: Strikes out looking
Batting: SHB Eric Robertson 0-0: Ball
1-0: Ball
2-0: Foul Ball, location: 2F
2-1: Called Strike
2-2: Ball
3-2: Foul Ball, location: 2F
3-2: Foul Ball, location: 2F
3-2: TRIPLE (Flyball, 7LD, EV 96.9 MPH)
Sosaia Apelahama scores
Batting: LHB Pablo Fraga 0-0: Ball
1-0: Called Strike
1-1: Ball
2-1: Ground out 1-3 (Groundball, 13, EV 65.0 MPH)
Top of the 3rd over - 1 run, 1 hit, 0 errors, 1 left on base; Oregon State University 1 - University of Georgia 1
BOTTOM OF THE 3RD
University of Georgia Bulldogs batting - Pitching for Oregon State University Beavers : RHP Peka Nara
Batting: RHB Jeff Wornick 0-0: Fly out, F4 (Popup, 4S, EV 70.0 MPH)
Batting: RHB Justin Szymczyk 0-0: Ball
1-0: Reached on error, E3 (Groundball, 34, EV 90.0 MPH)
Batting: RHB Pat Svenson 0-0: Foul Ball, location: 2F
0-1: Ball
1-1: Ball
2-1: Called Strike
2-2: Strikes out swinging, 2-3 out at first.
Batting: RHB Murilo Cunha 0-0: Called Strike
0-1: Foul Ball, location: 2F
0-2: Ball
1-2: Strikes out swinging
Bottom of the 3rd over - 0 runs, 0 hits, 1 error, 1 left on base; Oregon State University 1 - University of Georgia 1
TOP OF THE 4TH
Oregon State University Beavers batting - Pitching for University of Georgia Bulldogs : LHP Aloiki Orana
Batting: RHB Steve Webb 0-0: Swinging Strike
0-1: Ball
1-1: Ball
2-1: Foul Ball, location: 2F
2-2: Ball
3-2: Fly out, F8 (Flyball, 8RM, EV 91.9 MPH)
Batting: RHB Martin Darrington 0-0: Called Strike
0-1: Ball
1-1: Swinging Strike
1-2: Foul Ball, location: 2F
1-2: Strikes out swinging
Batting: LHB Jon Hamilton 0-0: Ball
1-0: Ball
2-0: Ball
3-0: Base on Balls
Batting: LHB Brock Darby 0-0: Ball
1-0: Fielders Choice at 2nd, 5-4 (Groundball, 5, EV 88.8 MPH)
Top of the 4th over - 0 runs, 0 hits, 0 errors, 1 left on base; Oregon State University 1 - University of Georgia 1
BOTTOM OF THE 4TH
University of Georgia Bulldogs batting - Pitching for Oregon State University Beavers : RHP Peka Nara
Batting: RHB Rodolfo Solis 0-0: Called Strike
0-1: Ground out 6-3 (Groundball, 6, EV 90.0 MPH)
Batting: LHB Andy Dyer 0-0: Ball
1-0: Ball
2-0: Foul Ball, location: 2F
2-1: Swinging Strike
2-2: Hit by Pitch
Batting: LHB Bryan Ross 0-0: Called Strike
Andy Dyer is caught stealing 2nd base 2-6
0-1: Ball
1-1: Ball
2-1: Ground out 6-3 (Groundball, 6M, EV 87.5 MPH)
Bottom of the 4th over - 0 runs, 0 hits, 0 errors, 0 left on base; Oregon State University 1 - University of Georgia 1
TOP OF THE 5TH
Oregon State University Beavers batting - Pitching for University of Georgia Bulldogs : LHP Aloiki Orana
Batting: SHB Sosaia Apelahama 0-0: Foul Ball, location: 2F
0-1: Ball
1-1: SINGLE (Groundball, 6D, EV 94.4 MPH)
Batting: SHB Chris Gartner 0-0: Ball
1-0: Ball
2-0: Foul Ball, location: 2F
2-1: Foul Ball, location: 2F
2-2: Strikes out swinging
Pitching: RHP Chris Roddy
Batting: RHB Oscar Munoz 0-0: Ball
Wild Pitch!
Sosaia Apelahama to second
1-0: SINGLE (Line Drive, 78M, EV 87.5 MPH)
Sosaia Apelahama to third
Runner from 3rd tries for Home, throw by CF and OUT! 8-2
Batting: SHB Eric Robertson 0-0: Ball
Oscar Munoz steals 2nd base
1-0: Ball
2-0: Swinging Strike
2-1: Foul Ball, location: 2F
2-2: Ball
3-2: Strikes out looking
Top of the 5th over - 0 runs, 2 hits, 0 errors, 1 left on base; Oregon State University 1 - University of Georgia 1
BOTTOM OF THE 5TH
University of Georgia Bulldogs batting - Pitching for Oregon State University Beavers : RHP Peka Nara
Batting: LHB Luis Mejia 0-0: Ball
1-0: Foul Ball, location: 2F
1-1: Ball
2-1: Ball
3-1: Foul Ball, location: 2F
3-2: Ground out 4-3 (Groundball, 4S, EV 87.5 MPH)
Batting: RHB Javier Alcorta 0-0: Called Strike
0-1: Ball
1-1: Ball
2-1: Ball
3-1: Foul Ball, location: 2F
3-2: Base on Balls
Batting: RHB Jeff Wornick 0-0: Ball
1-0: Ball
2-0: Ball
3-0: Base on Balls
Javier Alcorta to second
Batting: RHB Justin Szymczyk 0-0: Swinging Strike
0-1: Ball
1-1: Called Strike
1-2: Strikes out swinging
Batting: RHB Pat Svenson 0-0: Called Strike
0-1: Ball
1-1: Ball
2-1: Foul Ball, location: 2F
2-2: Strikes out looking
Bottom of the 5th over - 0 runs, 0 hits, 0 errors, 2 left on base; Oregon State University 1 - University of Georgia 1
TOP OF THE 6TH
Oregon State University Beavers batting - Pitching for University of Georgia Bulldogs : RHP Chris Roddy
Batting: LHB Pablo Fraga 0-0: Foul Ball, location: 2F
0-1: Ball
1-1: Ground out 6-3 (Groundball, 6, EV 86.2 MPH)
Batting: RHB Steve Webb 0-0: Called Strike
0-1: Foul Ball, location: 2F
0-2: Strikes out looking
Batting: RHB Martin Darrington 0-0: Ball
1-0: Foul Ball, location: 2F
1-1: Ground out 5-3 (Groundball, 56, EV 110.6 MPH)
Top of the 6th over - 0 runs, 0 hits, 0 errors, 0 left on base; Oregon State University 1 - University of Georgia 1
BOTTOM OF THE 6TH
University of Georgia Bulldogs batting - Pitching for Oregon State University Beavers : RHP Peka Nara
Batting: RHB Murilo Cunha 0-0: Swinging Strike
0-1: Called Strike
0-2: Reached via error on a dropped throw from SS, E3 (Groundball, 6, EV 103.8 MPH)
Batting: RHB Rodolfo Solis 0-0: Foul Ball, location: 2F
0-1: Ball
1-1: Ball
2-1: Swinging Strike
2-2: Ball
3-2: Foul Ball, location: 2F
3-2: Strikes out looking
Batting: LHB Andy Dyer 0-0: Called Strike
Murilo Cunha steals 2nd base (no throw)
0-1: Ball
1-1: Intentional Walk
Batting: LHB Bryan Ross 0-0: Ball
1-0: Fielders Choice at 2nd, 4-6 (Groundball, 4M, EV 98.1 MPH)
Murilo Cunha to third
Batting: LHB Luis Mejia 0-0: Foul Ball, location: 2F
0-1: Ball
1-1: Swinging Strike
1-2: Fly out, F7 (Flyball, 7, EV 85.0 MPH)
Bottom of the 6th over - 0 runs, 0 hits, 1 error, 2 left on base; Oregon State University 1 - University of Georgia 1
TOP OF THE 7TH
Oregon State University Beavers batting - Pitching for University of Georgia Bulldogs : RHP Chris Roddy
Pinch Hitting: LHB Fred Bal 0-0: Foul Ball, location: 2F
0-1: Foul Ball, location: 2F
0-2: SINGLE (Groundball, 3D, EV 96.9 MPH)
Batting: LHB Brock Darby 0-0: Ball
1-0: Sac Bunt to 15S - play at first, batter OUT! 1-3
Fred Bal to second
Batting: SHB Sosaia Apelahama 0-0: Swinging Strike
0-1: Ball
1-1: Swinging Strike
1-2: Ball
2-2: Ball
3-2: Foul Ball, location: 2F
3-2: SINGLE (Groundball, 34D, EV 111.9 MPH)
Fred Bal to third
Runner from 3rd tries for Home, throw by RF and OUT! 9-2
Batting: SHB Chris Gartner 0-0: Ball
1-0: Called Strike
1-1: Ball
2-1: Ball
3-1: Base on Balls
Sosaia Apelahama to second
Batting: RHB Oscar Munoz 0-0: Called Strike
0-1: Fly out, F7 (Flyball, 7D, EV 82.5 MPH)
Top of the 7th over - 0 runs, 2 hits, 0 errors, 2 left on base; Oregon State University 1 - University of Georgia 1
BOTTOM OF THE 7TH
University of Georgia Bulldogs batting - Pitching for Oregon State University Beavers : RHP Peka Nara
Now in RF: Fred Bal
Batting: RHB Javier Alcorta 0-0: Ball
1-0: Foul Ball, location: 2F
1-1: Ball
2-1: Ball
3-1: Swinging Strike
3-2: Strikes out swinging
Batting: RHB Jeff Wornick 0-0: Ball
1-0: Ball
2-0: Called Strike
2-1: Swinging Strike
2-2: Strikes out swinging
Batting: RHB Justin Szymczyk 0-0: Ball
1-0: Ball
2-0: Called Strike
2-1: Ball
3-1: SINGLE (Groundball, 56D, EV 99.4 MPH)
Pitching: RHP Paul Cooke
Batting: RHB Pat Svenson 0-0: Ball
1-0: Called Strike
1-1: Ball
Justin Szymczyk is caught stealing 2nd base 2-4
Bottom of the 7th over - 0 runs, 1 hit, 0 errors, 0 left on base; Oregon State University 1 - University of Georgia 1
TOP OF THE 8TH
Oregon State University Beavers batting - Pitching for University of Georgia Bulldogs : RHP Chris Roddy
Batting: SHB Eric Robertson 0-0: Called Strike
0-1: Ball
1-1: Ball
2-1: Foul Ball, location: 2F
2-2: Strikes out swinging
Batting: LHB Pablo Fraga 0-0: Swinging Strike
0-1: Ball
1-1: Ball
2-1: Swinging Strike
2-2: Ball
3-2: Base on Balls
Pitching: RHP Bi`nh Heng
Batting: RHB Steve Webb 0-0: Ball
1-0: Swinging Strike
1-1: Foul Ball, location: 2F
1-2: SINGLE (Groundball, 4D, EV 105.6 MPH)
Pablo Fraga to second
Runner from 2nd tries for 3rd, SAFE, throw by RF made to third
Batting: RHB Martin Darrington 0-0: Called Strike
0-1: Ball
1-1: Foul Ball, location: 2F
1-2: Ball
2-2: Strikes out swinging
Batting: LHB Fred Bal 0-0: Foul Ball, location: 2F
0-1: Foul Ball, location: 2F
0-2: Ball
1-2: Foul Ball, location: 2F
1-2: Foul Ball, location: 2F
1-2: SINGLE (Flyball, 7LM, EV 86.2 MPH)
Pablo Fraga scores
Steve Webb to second
Batting: LHB Brock Darby 0-0: Ball
1-0: Ball
2-0: Called Strike
2-1: Swinging Strike
2-2: Foul Ball, location: 2F
2-2: Ball
3-2: Strikes out swinging
Top of the 8th over - 1 run, 2 hits, 0 errors, 2 left on base; Oregon State University 2 - University of Georgia 1
BOTTOM OF THE 8TH
University of Georgia Bulldogs batting - Pitching for Oregon State University Beavers : RHP Paul Cooke
Batting: RHB Pat Svenson 0-0: Ball
1-0: Ball
2-0: Called Strike
2-1: Ground out 4-3 (Groundball, 4, EV 86.2 MPH)
Batting: RHB Murilo Cunha 0-0: Foul Ball, location: 2F
0-1: Foul Ball, location: 2F
0-2: Ball
1-2: Foul Ball, location: 2F
1-2: Ball
2-2: DOUBLE (Line Drive, 7LS, EV 109.4 MPH)
Batting: RHB Albert Rodriguez 0-0: Foul Ball, location: 2F
0-1: Swinging Strike
0-2: DOUBLE (Line Drive, 8RXD, EV 105.6 MPH)
Murilo Cunha scores
Batting: LHB Andy Dyer 0-0: Intentional Walk
Batting: LHB Bryan Ross 0-0: 3-RUN HOME RUN (Flyball, 89XD, EV 98.8 MPH), Distance : 392 ft
Pitching: RHP Nick Henry
Batting: LHB Luis Mejia 0-0: Ball
1-0: Ball
2-0: Swinging Strike
2-1: Swinging Strike
2-2: Strikes out looking
Batting: RHB Javier Alcorta 0-0: Foul Ball, location: 2F
0-1: Swinging Strike
0-2: Ball
1-2: Strikes out swinging
Bottom of the 8th over - 4 runs, 3 hits, 0 errors, 0 left on base; Oregon State University 2 - University of Georgia 5
TOP OF THE 9TH
Oregon State University Beavers batting - Pitching for University of Georgia Bulldogs : RHP Bi`nh Heng
Pitching: RHP Alex Vasquez
Batting: SHB Sosaia Apelahama 0-0: Swinging Strike
0-1: Called Strike
0-2: Ball
1-2: Foul Ball, location: 2F
1-2: Ball
2-2: Strikes out swinging
Pinch Hitting: LHB Jason Trevarrow 0-0: Called Strike
0-1: Swinging Strike
0-2: Foul Ball, location: 2F
0-2: Strikes out looking
Batting: RHB Oscar Munoz 0-0: Foul Ball, location: 2F
0-1: Ground out 5-3 (Groundball, 56S, EV 76.9 MPH)
Top of the 9th over - 0 runs, 0 hits, 0 errors, 0 left on base; Oregon State University 2 - University of Georgia 5
Thursday, December 15th , 2022 - OOTP Baseball 23.9 Build 102